 Dungeon Crawl Stone Soup version 0.22-a0-368-g870eee8 (webtiles) character file.

59 dstrtnsr the Ogre Mage (level 4, 0/39 HPs)
             Began as an Ogre Enchanter on Apr 23, 2018.
             Succumbed to a worker ant's poison
             ... on level 2 of the Dungeon.
             The game lasted 00:04:27 (561 turns).

dstrtnsr the Ogre Mage (Ogre Enchanter)              Turns: 561, Time: 00:04:27

Health: 0/39       AC:  3    Str: 17    XL:     4   Next: 3%
Magic:  8/8        EV: 15    Int: 17    God:
Gold:   24         SH:  0    Dex: 14    Spells: 6/9 levels left

rFire    . . .     SeeInvis .   a - +1 dagger
rCold    . . .     Gourm    .   (no shield)
rNeg     . . .     Faith    .   b - +0 robe
rPois    .         Spirit   .   (helmet restricted)
rElec    .         Reflect  .   (no cloak)
rCorr    .         Harm     .   (gloves unavailable)
MR       .....                  (boots unavailable)
Stlth    +++.......             (no amulet)
HPRegen  0.13/turn              (no ring)
MPRegen  0.11/turn              (no ring)

@: mighty, agile, lethally poisoned (0 -> -7), very slightly contaminated,
invisible
A: large, unfitting armour, tough skin 1
a: no special abilities


You were on level 2 of the Dungeon.
You were not hungry.

You visited 1 branch of the dungeon, and saw 2 of its levels.

You collected 24 gold pieces.

Inventory:

Hand Weapons
 a - a +1 dagger (weapon)
Missiles
 f - 16 arrows
Armour
 b - a +0 robe (worn)
Scrolls
 c - a scroll of immolation {unknown}
 i - 2 scrolls of identify {unknown}
 j - a scroll of remove curse {unknown}
 k - a scroll of enchant armour {unknown}
Potions
 h - 2 potions of invisibility
Comestibles
 d - 4 rations {!d}


   Skills:
 - Level 0.8 Short Blades
 - Level 1.7 Dodging
 - Level 2.1 Stealth
 + Level 2.8 Unarmed Combat
 - Level 3.0 Spellcasting
 - Level 2.6 Hexes


You had 6 spell levels left.
You knew the following spells:

 Your Spells              Type           Power        Failure   Level  Hunger
a - Corona                Hex            ##.....      6%          1    None
b - Ensorcelled Hibernat  Hex/Ice        #.....       16%         2    ##.....


Dungeon Overview and Level Annotations

Branches:
Dungeon (2/15)

Altars:
Vehumet


Innate Abilities, Weirdness & Mutations

You are too large for most types of armour.
You have tough skin. (AC +1)


Message History

Aiming: Corona (safe; 6% risk of failure)
Press: ? - help, Shift-Dir - straight line, f - jackal
Aim: a jackal (chance to defeat MR: 64%)
The jackal is outlined in light.
The jackal misses you. The jackal completely misses you.
Unknown command.
You hit the jackal but do no damage. The jackal barely misses you.
You hit the jackal.
The jackal is heavily wounded.
The jackal closely misses you.
You hit the jackal.
You kill the jackal!
Things that are here:
a jackal corpse; a hobgoblin corpse; a jackal corpse Your magical contamination has completely faded away.
A worker ant comes into view.
Unknown command.
Casting: Corona (safe; 6% risk of failure)
Confirm with . or Enter, or press ? or * to list all spells.
Aiming: Ensorcelled Hibernation (safe; 16% risk of failure)
Press: ? - help, Shift-Dir - straight line, f - worker ant
Aim: a worker ant (hasn't noticed you, chance to defeat MR: 48%)
The worker ant twitches its antennae in your direction.
The worker ant looks drowsy...
The helpless worker ant fails to defend itself.
You puncture the worker ant!
The worker ant is heavily wounded.
The worker ant bites you.
You are poisoned.
The worker ant poisons you!
Huge Dmg: -16%(-5hp) hp: 55%(17hp)
Casting: Ensorcelled Hibernation (safe; 16% risk of failure)
Confirm with . or Enter, or press ? or * to list all spells.
Aiming: Corona (safe; 6% risk of failure)
Press: ? - help, Shift-Dir - straight line, f/p - worker ant
Aim: a worker ant (heavily wounded, chance to defeat MR: 55%)
Okay, then.
Casting: Corona (safe; 6% risk of failure)
Confirm with . or Enter, or press ? or * to list all spells.
Aiming: Corona (safe; 6% risk of failure)
Press: ? - help, Shift-Dir - straight line, f/p - worker ant
Aim: a worker ant (heavily wounded, chance to defeat MR: 55%)
The worker ant is outlined in light.
You feel sick. The worker ant bites you.
* * * LOW HITPOINT WARNING * * *
Huge Dmg: -16%(-5hp) hp: 39%(12hp)
You hit the worker ant.
The worker ant is heavily wounded.
You feel sick.
The worker ant bites you but does no damage.
Damage: -3%(-1hp) hp: 36%(11hp)
You hit the worker ant but do no damage.
The worker ant is heavily wounded.
The worker ant bites you.
* * * LOW HITPOINT WARNING * * *
You are lethally poisoned!
The worker ant poisons you!
Huge Dmg: -10%(-3hp) hp: 26%(8hp) It was a potion of invisibility.
You fade into invisibility!
* * * LOW HITPOINT WARNING * * *
You feel sick. The worker ant closely misses you. x2
You are very lightly contaminated with residual magic.
Damage: -3%(-1hp) hp: 23%(7hp) Unknown command.
You hit the worker ant but do no damage.
The worker ant is heavily wounded.
* * * LOW HITPOINT WARNING * * *
You feel sick. The worker ant completely misses you.
Huge Dmg: -6%(-2hp) hp: 17%(5hp) It was a potion of agility.
You feel agile all of a sudden.
* * * LOW HITPOINT WARNING * * *
You feel sick. The worker ant barely misses you.
Damage: -4%(-1hp) hp: 13%(4hp) Unknown command.
It was a potion of might.
You feel very mighty all of a sudden.
* * * LOW HITPOINT WARNING * * *
You feel sick. The worker ant barely misses you.
Huge Dmg: -3%(-1hp) hp: 10%(3hp) It was a potion of magic.
Magic courses through your body.
* * * LOW HITPOINT WARNING * * *
You feel sick. The worker ant barely misses you.
Huge Dmg: -3%(-1hp) hp: 7%(2hp)
You puncture the worker ant!
You kill the worker ant!
You have reached level 4!
* * * LOW HITPOINT WARNING * * *
You feel sick.
Unknown command.
Okay, then.
* * * LOW HITPOINT WARNING * * *
You feel sick.
Huge Dmg: -3%(-1hp) hp: 3%(1hp) Unknown command.
Unknown command.
* * * LOW HITPOINT WARNING * * *
You feel sick.
Huge Dmg: -3%(-1hp) hp: 3%(1hp)
You die...

##.##....#
..##.#......## #..#
##..###.##.##.......
###..#
#..##.#.....##.##.
#....#
#...#....####..##.
#..##.# #.#..##..##
#.#### #.#
#.#####)##.#....###.
#..
##..÷..#.†....#.......
#.
##....................#
#
#........@.......###..#
#....>.............#..#
#................###
... #................#
## #................#
#................#
##..............##
#......##.....##
#.######..#####


There were no monsters in sight!

Vanquished Creatures
  A worker ant (D:2)
  2 oozes
  A worm (D:2)
  A ball python (D:1)
  3 giant cockroaches
  2 goblins
  2 hobgoblins
  2 jackals (D:2)
  5 frilled lizards
  3 kobolds (D:1)
  4 rats
26 creatures vanquished.

Notes
Turn   | Place    | Note
-------+----------+-------------------------------------------
     0 | D:1      | dstrtnsr the Ogre Enchanter began the quest for the Orb.
     0 | D:1      | Reached XP level 1. HP: 16/16 MP: 3/3
    92 | D:1      | Reached skill level 1 in Unarmed Combat
    92 | D:1      | Reached XP level 2. HP: 18/24 MP: 5/5
   142 | D:1      | Learned a level 2 spell: Ensorcelled Hibernation
   192 | D:2      | Found a radiant altar of Vehumet.
   228 | D:2      | HP: 5/24 [worm (6)]
   280 | D:1      | HP: 6/24 [rat (3)]
   291 | D:1      | HP: 6/24 [rat (1)]
   448 | D:2      | Reached skill level 3 in Spellcasting
   448 | D:2      | Reached XP level 3. HP: 17/31 MP: 4/7
   549 | D:2      | HP: 12/31 [worker ant (4)]
   553 | D:2      | HP: 5/31 [poisoned by a worker ant]
   556 | D:2      | HP: 2/31 [poisoned by a worker ant]
   557 | D:2      | Reached XP level 4. HP: 3/39 MP: 8/8
   561 | D:2      | Succumbed to a worker ant's poison

Vault maps used:
D:1:      tarquinn_simple_flora_water_c, minmay_distorted
D:2:      overflow_temple_1_default, uniq_crazy_yiuf_cottage, uniq_terence

Skill      XL: |  1  2  3 |
---------------+----------+-----
Unarmed Combat | 1 2 |  2.8
Spellcasting   | 3 |  3.0
Short Blades   | |  0.8
Dodging        | |  1.7
Stealth        | |  2.1
Hexes          | |  2.6

Action                   |  1- 3 |  4- 6 || total
-------------------------+-------+-------++-------
Melee: Dagger            |   101 |       ||   101
       Punch             |     1 |       ||     1
 Cast: Corona            |    12 |       ||    12
       Ensorcelled Hiber |    11 |       ||    11
  Use: Potion            |     4 |       ||     4
 Stab: Sleeping          |    10 |       ||    10
Armor: Robe              |    21 |       ||    21
Dodge: Dodged            |    48 |       ||    48

Table legend:
 A = Spawn XP
 B = Non-spawn XP
 C = Spawn XP percentage of total XP
 D = Spawn monster count
 E = Non-spawn monster count
 F = Spawn count percentage of total count
 G = Total turns spent on level
                    A         B        C        D         E        F      G
               +---------+---------+-------+---------+---------+-------+---------
         Total |       0 |      85 |   0.0 |       0 |      26 |   0.0 |   561
               +---------+---------+-------+---------+---------+-------+---------
           D:1 |       0 |      24 |   0.0 |       0 |      14 |   0.0 |   296
           D:2 |       0 |      61 |   0.0 |       0 |      12 |   0.0 |   265
               +---------+---------+-------+---------+---------+-------+---------
